 Dungeon Crawl Stone Soup version 0.27-a0-223-ge082b6e869 (webtiles) character file.

Game seed: 11368130374327435576

120 snetch the Magician (level 5, -3/37 HPs)
             Began as a Gnoll Hedge Wizard on Feb 1, 2021.
             Killed by divine providence
             ... invoked by an orc priest
              (13 damage)
             ... on level 3 of the Dungeon.
             The game lasted 00:11:57 (2862 turns).

snetch the Magician (Gnoll Hedge Wizard)            Turns: 2862, Time: 00:11:57

Health: -3/37      AC:  9    Str:  9    XL:     5   Next: 4%
Magic:  0/14       EV: 11    Int: 15    God:
Gold:   175        SH:  0    Dex: 11    Spells: 13/18 levels left

rFire    . . .     SeeInvis .   b - +0 scimitar
rCold    . . .     Faith    .   (no shield)
rNeg     . . .     Spirit   .   z - +0 ring mail
rPois    .         Reflect  .   c - +0 hat
rElec    .         Harm     .   (no cloak)
rCorr    .         Rampage  .   (no gloves)
Will     .....     Rnd*Tele +   (no boots)
Stlth    ++........             y - amulet of inaccuracy (curse)
HPRegen  0.12/turn              k - ring of teleportation (curse)
MPRegen  0.14/turn              l - +4 ring of protection

@: no status effects
A: distributed training, fangs 1, strong nose
a: no special abilities


You were on level 3 of the Dungeon.
You visited 1 branch of the dungeon, and saw 4 of its levels.

You collected 175 gold pieces.

Inventory:

Hand Weapons
 a - a +0 dagger
 b - a +0 scimitar (weapon)
 r - a +0 spear
Missiles
 f - 121 stones
 j - 38 sling bullets
 o - 57 arrows
Armour
 c - a +0 hat (worn)
 z - a +0 ring mail (worn)
Jewellery
 k - a cursed ring of teleportation (left hand)
 l - a +4 ring of protection (right hand)
 t - an uncursed amulet of regeneration
 y - a cursed amulet of inaccuracy (around neck)
Wands
 x - a wand of random effects (16)
Scrolls
 g - 4 scrolls of identify {unknown}
 p - 4 scrolls of teleportation {unknown}
 q - a scroll of amnesia {unknown}
 s - 2 scrolls of fear {unknown}
 u - 3 scrolls of remove curse {unknown}
 v - 2 scrolls of enchant weapon {unknown}
Potions
 d - 2 potions of curing {unknown}
 h - 3 potions of degeneration {unknown}
 i - 3 potions of ambrosia {unknown}
 m - 4 potions of heal wounds {unknown}
 n - a potion of lignification {unknown}
 w - a potion of attraction {unknown}


   Skills:
 + Level 1.3 Fighting
 + Level 1.3 Short Blades
 + Level 1.3 Long Blades
 + Level 1.3 Axes
 + Level 1.3 Maces & Flails
 + Level 1.3 Polearms
 + Level 1.3 Staves
 + Level 1.3 Slings
 + Level 1.3 Bows
 + Level 1.3 Crossbows
 + Level 1.3 Throwing
 + Level 1.3 Armour
 + Level 4.7 Dodging
 + Level 4.3 Stealth
 + Level 1.3 Shields
 + Level 1.3 Unarmed Combat
 + Level 7.2 Spellcasting
 + Level 2.3 Conjurations
 + Level 1.0 Hexes
 + Level 2.3 Summonings
 + Level 1.0 Necromancy
 + Level 2.3 Translocations
 + Level 1.0 Transmutations
 + Level 1.0 Fire Magic
 + Level 1.0 Ice Magic
 + Level 1.0 Air Magic
 + Level 1.0 Earth Magic
 + Level 1.0 Poison Magic
 + Level 1.4 Invocations
 + Level 1.3 Evocations


You had 13 spell levels left.
You knew the following spells:

 Your Spells              Type           Power        Failure   Level
a - Magic Dart            Conj           48%          14%         1
b - Blink                 Tloc           N/A          22%         2
c - Call Imp              Summ           12%          22%         2

Your spell library contained the following spells:

 Spells                   Type           Power        Failure   Level
 Slow                     Hex            8%           34%         2
 Conjure Flame            Conj/Fire      10%          47%         3
 Mephitic Cloud           Conj/Pois/Air  9%           52%         3


Dungeon Overview and Level Annotations

Branches:
Dungeon (4/15)
 Temple: D:4-7

Altars:
Fedhas
Hepliaklqana


Innate Abilities, Weirdness & Mutations

Your experience applies equally to all skills.
You have very sharp teeth.
Your uncanny sense of smell can sniff out nearby items.


Message History

The orc priest hits you with a +0 falchion.
* * * LOW HITPOINT WARNING * * *
What are your orders? t - Bark!
Orders for allies: a - Attack new target. r - Retreat! s - Stop attacking. g - Guard the area. f - Follow me.
Anything else - Cancel.
Gang up on whom?
Press: ? - help, Dir - move target, f - orc priest
Aim: an orc priest, wielding a +0 falchion (moderately wounded) Attack!
The orc priest hits you but does no damage.
Unknown command.
You closely miss the orc priest.
The orc priest is moderately wounded.
The ooze hits you but does no damage.
The orc priest invokes the aid of Beogh against you.
Beogh smites you!
You die...

..........#.#.# ..
.........)#.#.###.#
...
........).........#...
..#########.#.#####.#
###.#.......#
#.........#
.#.........#
..?..P.P.....#
..?...._..@5..#
......P.PoJ...#
....?.........#
.......######.#
....... .# ... .# ..
..


You could see an orc priest, an ooze and a friendly crimson imp (summoned).

Vanquished Creatures
  An orc wizard (D:3)
  3 adders
  2 worms
  A leopard gecko (D:3)
  An orc (D:3)
  4 giant cockroaches
  7 goblins
  6 hobgoblins
  7 kobolds
  2 quokkas (D:2)
  7 bats
  3 frilled lizards
  8 rats
52 creatures vanquished.

Vanquished Creatures (collateral kills)
  An adder (D:2)
  2 goblins (D:2)
  A ball python (D:2)
4 creatures vanquished.

Grand Total: 56 creatures vanquished

Notes
Turn   | Place    | Note
-------+----------+-------------------------------------------
     0 | D:1      | snetch the Gnoll Hedge Wizard began the quest for the Orb.
     0 | D:1      | Reached XP level 1. HP: 13/13 MP: 8/8
   127 | D:1      | Reached XP level 2. HP: 1/20 MP: 2/10
   130 | D:1      | Learned a level 2 spell: Blink
   133 | D:1      | Learned a level 2 spell: Call Imp
   444 | D:2      | Found a hazy altar of Hepliaklqana.
   699 | D:1      | Reached XP level 3. HP: 20/25 MP: 0/11
  1118 | D:1      | Reached skill level 1 in Invocations
  1773 | D:2      | Reached skill level 1 in Fighting
  1773 | D:2      | Reached skill level 1 in Short Blades
  1773 | D:2      | Reached skill level 1 in Long Blades
  1773 | D:2      | Reached skill level 1 in Axes
  1773 | D:2      | Reached skill level 1 in Maces & Flails
  1773 | D:2      | Reached skill level 1 in Polearms
  1773 | D:2      | Reached skill level 1 in Staves
  1773 | D:2      | Reached skill level 1 in Slings
  1773 | D:2      | Reached skill level 1 in Bows
  1773 | D:2      | Reached skill level 1 in Crossbows
  1773 | D:2      | Reached skill level 1 in Throwing
  1773 | D:2      | Reached skill level 1 in Armour
  1773 | D:2      | Reached skill level 1 in Shields
  1773 | D:2      | Reached skill level 1 in Unarmed Combat
  1773 | D:2      | Reached skill level 1 in Evocations
  1779 | D:2      | Reached XP level 4. HP: 30/32 MP: 3/13
  2668 | D:3      | Reached skill level 1 in Hexes
  2668 | D:3      | Reached skill level 1 in Necromancy
  2668 | D:3      | Reached skill level 1 in Transmutations
  2668 | D:3      | Reached skill level 1 in Fire Magic
  2668 | D:3      | Reached skill level 1 in Ice Magic
  2668 | D:3      | Reached skill level 1 in Air Magic
  2668 | D:3      | Reached skill level 1 in Earth Magic
  2668 | D:3      | Reached skill level 1 in Poison Magic
  2805 | D:3      | Found a blossoming altar of Fedhas.
  2828 | D:3      | Reached XP level 5. HP: 31/37 MP: 4/14
  2862 | D:3      | Killed from afar by an orc priest

Illustrated notes

Levels and vault maps discovered:
D:1:      saegor_arrival_simple_e, layout_loops_cross, minmay_heptomino_o4
D:2:      layout_loops_ring, nicolae_overflow_crystal_walls
D:3:      layout_basic, fedhas_altar_1
D:4:      cheibrodos_pilgrimage, layout_basic, overflow_temple_1_default,
          serial_shops, shop

Skill      XL: |  1  2  3  4 |
---------------+-------------+-----
Conjurations   | 2 |  2.3
Summonings     | 2 |  2.3
Translocations | 2 |  2.3
Invocations    | 1 |  1.4
Fighting       | 1 |  1.3
Short Blades   | 1 |  1.3
Long Blades    | 1 |  1.3
Axes           | 1 |  1.3
Maces & Flails | 1 |  1.3
Polearms       | 1 |  1.3
Staves         | 1 |  1.3
Slings         | 1 |  1.3
Bows           | 1 |  1.3
Crossbows      | 1 |  1.3
Throwing       | 1 |  1.3
Armour         | 1 |  1.3
Shields        | 1 |  1.3
Unarmed Combat | 1 |  1.3
Evocations     | 1 |  1.3
Hexes          | 1 |  1.0
Necromancy     | 1 |  1.0
Transmutations | 1 |  1.0
Fire Magic     | 1 |  1.0
Ice Magic      | 1 |  1.0
Air Magic      | 1 |  1.0
Earth Magic    | 1 |  1.0
Poison Magic   | 1 |  1.0
Dodging        | |  4.7
Stealth        | |  4.3
Spellcasting   | |  7.2

Action                   |  1- 3 |  4- 6 || total
-------------------------+-------+-------++-------
Melee: Dagger            |    25 |     3 ||    28
       Bite              |     2 |     1 ||     3
       Scimitar          |       |    15 ||    15
       Spear             |       |     3 ||     3
 Cast: Magic Dart        |    90 |    58 ||   148
       Call Imp          |     1 |     5 ||     6
Armor: Leather armour    |    19 |     6 ||    25
       Robe              |     1 |       ||     1
       Ring mail         |       |    11 ||    11
Dodge: Dodged            |    37 |    24 ||    61
       Rpst.: Scimitar   |       |     2 ||     2

Table legend: (Time is in decaauts)
 A = Elapsed time spent in this place.
 B = Non-inter-level travel time spent in this place.
 C = Inter-level travel time spent in this place.
 D = Time resting spent in this place.
 E = Time spent auto-exploring this place.
 F = Levels seen in this place.
 G = Mean time per level.
                   A        B        C        D        E       F      G
               +--------+--------+--------+--------+--------+-----+--------+
         Total |   2871 |   2792 |     79 |    336 |   1731 |   4 |  717.8 |
       Dungeon |   2871 |   2792 |     79 |    336 |   1731 |   4 |  717.8 |
               +--------+--------+--------+--------+--------+-----+--------+

Top non-repeatable levels by time:
     D:1: 1496 daAuts
     D:2: 1101 daAuts
     D:3: 260 daAuts
     D:4: 13 daAuts
